 Dungeon Crawl Stone Soup version 0.24-a0-429-g4608c8fa30 (webtiles) character file.

Game seed: 12393117912754270517

161219 Ijustatesigmund the Timeless (level 17, 0/128 HPs)
             Began as an Octopode Fighter on June 13, 2019.
             Was a High Priest of Cheibriados.
             Slain by the 27-headed Lernaean hydra (3 damage)
             ... on level 4 of the Swamp.
             The game lasted 01:41:05 (34950 turns).

Ijustatesigmund the Timeless (Octopode Fighter)    Turns: 34950, Time: 01:41:06

Health: 0/128      AC: 14    Str: 29    XL:     17   Next: 78%
Magic:  23/28      EV: 31    Int: 28    God:    Cheibriados [*****.]
Gold:   2234       SH: 24    Dex: 34    Spells: 13/16 levels left

rFire    . . .     SeeInvis +   a - +6 flail (protect)
rCold    . . .     Gourm    .   b - +2 large shield {AC+3}
rNeg     + . .     Faith    .   (helmet restricted)
rPois    .         Spirit   .   (no amulet)
rElec    .         Reflect  .   k - ring of flight
rCorr    .         Harm     .   p - +6 ring of protection
MR       ++...                  t - +4 ring of protection
Stlth    ++++++++..             u - ring of see invisible
HPRegen  0.31/turn              y - ring of positive energy
MPRegen  0.21/turn              z - ring of protection from magic
                                I - +4 ring of evasion
                                S - ring of Neurreiwn {Int+3 Slay+3}

@: agile, very slow
A: almost no armour, stealthy swim, amphibious, 8 rings, constrict 8, tentacle
spike 1, camouflage 1, robust 1, gelatinous body 1, MP-powered wands
a: Bend Time, Temporal Distortion, Slouch, Step From Time, Renounce Religion,
Evoke Flight


You were on level 4 of the Swamp.
You worshipped Cheibriados.
Cheibriados was extremely pleased with you.
You were not hungry.

You visited 5 branches of the dungeon, and saw 28 of its levels.
You also visited: Gauntlet and Ice Cave.

You collected 3337 gold pieces.
You spent 1103 gold pieces at shops.

Inventory:

Hand Weapons
 a - a +6 flail of protection (weapon)
 G - the +5 trident "Hydrabane" {pierce, +Inv rElec rC++ Stlth-}
   (You found it in a Gauntlet)

   It inflicts extra damage upon your enemies.
   It greatly protects you from cold.
   It insulates you from electricity.
   It lets you turn invisible.
   It makes you less stealthy.
 J - a +3 flail
 O - the +9 hunting sling of Slime {velocity, Stlth+}
   (You found it on level 6 of the Lair of Beasts)

   Any stone fired from it inflicts extra damage.
   It makes you more stealthy.
Missiles
 x - 5 silver boomerangs
 C - 9 silver javelins (quivered)
Armour
 b - a +2 large shield of protection (worn)
Jewellery
 i - an uncursed ring of ice
 k - a ring of flight (left tentacle)
 p - a +6 ring of protection (right tentacle)
 t - a +4 ring of protection (on tentacle)
 u - a ring of see invisible (on tentacle)
 y - a ring of positive energy (on tentacle)
 z - a ring of protection from magic (on tentacle)
 I - a +4 ring of evasion (on tentacle)
 S - the ring of Neurreiwn (on tentacle) {Int+3 Slay+3}
   (You took it off an orc warrior on level 15 of the Dungeon)

   [ring of intelligence]

   It affects your intelligence (+3).
   It affects your accuracy and damage with ranged weapons and melee attacks
   (+3).
 T - an uncursed ring of stealth
 U - the amulet "Lianei" {Inacc +Fly rC++ MR+ Str-3}
   (You found it on level 4 of the Swamp)

   [amulet of inaccuracy]

   It reduces the accuracy of all your attacks.
   It affects your strength (-3).
   It greatly protects you from cold.
   It affects your resistance to hostile enchantments.
   It lets you fly.
Wands
 D - a wand of paralysis (19)
 F - a wand of scattershot (3)
 H - a wand of acid (1)
 N - a wand of polymorph (6)
 P - a wand of digging (3)
 Q - a wand of flame (14)
Scrolls
 f - 8 scrolls of remove curse
 g - 6 scrolls of teleportation
 m - 13 scrolls of identify
 o - 2 scrolls of magic mapping
 v - 5 scrolls of amnesia
 w - a scroll of summoning
 A - 3 scrolls of immolation
 B - 3 scrolls of blinking
 E - 6 scrolls of fear
 K - a scroll of fog
 R - 4 scrolls of holy word
Potions
 c - 3 potions of might
 e - 5 potions of lignification
 h - 2 potions of agility
 j - 4 potions of mutation
 l - a potion of heal wounds
 n - 5 potions of resistance
 q - a potion of ambrosia
 r - 5 potions of brilliance
 s - 3 potions of curing
 L - a potion of cancellation
 M - 2 potions of magic
Comestibles
 d - 28 rations


   Skills:
 + Level 11.1 Fighting
 * Level 14.4 Maces & Flails
 - Level 8.2 Throwing
 + Level 8.7 Dodging
 - Level 10.4 Stealth
 - Level 12.8 Shields
 - Level 11.2 Translocations
 + Level 15.2 Invocations
 - Level 6.0 Evocations


You had 13 spell levels left.
You knew the following spells:

 Your Spells              Type           Power        Failure   Level  Hunger
a - Apportation           Tloc           ######       1%          1    ##.....
b - Blink                 Tloc           N/A          1%          2    ###....

Your spell library contained the following spells:

 Spells                   Type           Power        Failure   Level  Hunger
 Animate Skeleton         Necr           N/A          47%         1    ##.....
 Confusing Touch          Hex            #.....       47%         1    ##.....
 Corona                   Hex            #......      47%         1    ##.....
 Magic Dart               Conj           #...         47%         1    ##.....
 Sandblast                Erth           #.....       47%         1    ##.....
 Shock                    Conj/Air       #...         47%         1    ##.....
 Summon Small Mammal      Summ           #...         47%         1    ##.....
 Call Imp                 Summ           #.......     63%         2    ###....
 Ensorcelled Hibernation  Hex/Ice        #.....       63%         2    ###....
 Passwall                 Tmut/Erth      #.......     63%         2    ###....
 Slow                     Hex            #.......     63%         2    ###....
 Swiftness                Chrm/Air       #.......     63%         2    ###....
 Confuse                  Hex            #.......     85%         3    ####...
 Conjure Flame            Conj/Fire      #.......     85%         3    ####...
 Dazzling Spray           Conj/Hex       #.....       85%         3    ####...
 Ignite Poison            Fire/Tmut/Pois #.......     85%         3    ####...
 Mephitic Cloud           Conj/Pois/Air  #.......     85%         3    ####...
 Static Discharge         Conj/Air       #.......     85%         3    ####...
 Stone Arrow              Conj/Erth      #.....       85%         3    ####...
 Tukima's Dance           Hex            #.......     85%         3    ####...
 Airstrike                Air            #.........   99%         4    #####..
 Petrify                  Tmut/Erth      #.......     99%         4    #####..
 Summon Lightning Spire   Summ/Air       #.......     99%         4    #####..
 Fireball                 Conj/Fire      #.........   100%        5    ######.
 Irradiate                Conj/Tmut      #.........   100%        5    ######.
 Lee's Rapid Deconstruct  Erth           #.........   100%        5    ######.
 Lightning Bolt           Conj/Air       #.........   100%        5    ######.
 Silence                  Hex/Air        #.........   100%        5    ######.
 Bolt of Fire             Conj/Fire      #.........   100%        6    #######
 Conjure Ball Lightning   Conj/Air       #.........   100%        6    #######
 Deflect Missiles         Chrm/Air       #.........   100%        6    #######
 Hydra Form               Tmut           #.........   100%        6    #######
 Statue Form              Tmut/Erth      #........    100%        6    #######
 Dragon Form              Tmut           #.........   100%        7    #######
 Ring of Flames           Chrm/Fire      #.........   100%        7    #######
 Ignition                 Fire           #.........   100%        8    #######
 Tornado                  Air            #.........   100%        9    #######


Dungeon Overview and Level Annotations

Branches:
Dungeon (15/15)            Temple (1/1) D:6            Lair (6/6) D:8
  Swamp (4/4) Lair:2       Spider (0/4) Lair:3        Slime (0/5) Lair:5
    Orc (2/2) D:10            Elf (0/3) Orc:2        Vaults (0/5) D:14
 Depths (0/5) D:15

Altars:
Ashenzari
Cheibriados
Dithmenos
Elyvilon
Fedhas
Gozag
Hepliaklqana
Kikubaaqudgha
Makhleb
Nemelex Xobeh
Qazlal
Ru
Sif Muna
Trog
Uskayaw
Yredelemnul
Zin
Beogh

Shops:
D:4 (%?   D:15 [   Orc:2 *[([

Portals:
Trove: D:14 (show abyssal rune of Zot)

Annotations:
D:7 3 runed translucent doors, vogonpoet's ghost, novice HuWn
Lair:4 exclusion: oklob plant
Swamp:4 Lernaean hydra
Orc:2 Saint Roka


Innate Abilities, Weirdness & Mutations

You cannot wear most types of armour.
You are very stealthy in the water. (Stealth+)
You are amphibious.
You can wear up to eight rings at the same time.
You can use your tentacles to constrict eight enemies at once.
Your skin changes colour to match your surroundings (Stealth+).
Your rubbery body absorbs attacks. (AC +1, EV +1)
One of your tentacles bears a spike.
You are robust. (+10% HP)
You expend magic power (3 MP) to strengthen your wands.


Message History

The swamp drake breathes noxious fumes at you.
The noxious blast misses you. The 27-headed Lernaean hydra bites you.
* * * LOW HITPOINT WARNING * * *
The 27-headed Lernaean hydra bites you!
* * * LOW HITPOINT WARNING * * *
The 27-headed Lernaean hydra misses you.
The 27-headed Lernaean hydra completely misses you.
The 27-headed Lernaean hydra misses you.
You block the 27-headed Lernaean hydra's attack.
The 27-headed Lernaean hydra bites you but does no damage.
The 27-headed Lernaean hydra bites you!
* * * LOW HITPOINT WARNING * * *
You block the 27-headed Lernaean hydra's attack.
The 27-headed Lernaean hydra bites you but does no damage.
The 27-headed Lernaean hydra closely misses you.
The 27-headed Lernaean hydra barely misses you.
The 27-headed Lernaean hydra bites you!
* * * LOW HITPOINT WARNING * * *
The 27-headed Lernaean hydra bites you.
You die...

♣♣§.♣.≈≈§≈.§ ♣♣♣
≈≈≈♣≈≈≈≈≈≈. ♣♣.♣♣♣♣ #
♣≈≈≈♣≈..≈≈≈≈ ♣.....♣ ♣♣♣
#≈♣≈D≈♣♣♣♣..≈≈§
♣♣.....♣♣♣≈♣♣♣♣ ≈♣≈D≈(♣
♣.≈≈≈≈ ♣≈......≈≈≈≈≈≈♣
≈≈≈≈.≈≈ ♣≈≈≈≈≈
♣≈≈≈♣..≈≈≈≈≈.≈♣♣♣ ≈≈≈≈(♣≈
♣≈..≈≈
♣..≈♣≈≈≈.≈≈≈≈♣§○♣♣§≈≈.(≈≈
...≈≈≈
♣.≈≈÷≈.≈.≈..§.○○@D○<(..(
♣..≈≈.≈≈≈§≈.≈.○○○k♣♣≈≈..
♣♣...≈.≈≈♣♣?..○○♣♣♣ .
♣♣♣♣♣≈)♣♣♣♣..≈♣♣.♣♣ ♣♣♣♣
♣≈≈<....♣ ♣≈≈§.≈≈.♣♣
♣♣♣♣♣...≈♣ ♣≈♣♣♣♣♣ ♣.§♣


You could see the 27-headed Lernaean hydra, a six-headed hydra (wandering), a
swamp dragon and a swamp drake.

Vanquished Creatures
  Rupert (Lair:3)
  Roxanne (Swamp:3)
  An orc warlord (Orc:1)
  A very ugly thing (Swamp:2)
  A minotaur (Gauntlet)
  Snorg (Lair:3)
  A blizzard demon (IceCv)
  2 fire dragons (D:15)
  An ice dragon (D:15)
  30 hydras
  4 centaur warriors
  2 shambling mangroves
  18 two-headed ogres
  2 ogre magi (D:15)
  2 dancing weapons (D:14)
  3 catoblepae
  12 alligators
  The ghost of nikopol the Thaumaturge, a journeyman DEFE of Vehumet (D:11)
  3 death yaks (Lair:6)
  An orc high priest (Orc:1)
  Nergalle (Orc:1)
  5 skeletal warriors (D:15)
  An unseen horror (D:15)
  4 spriggan druids
  9 swamp dragons
  Pikel (D:7)
  A lindwurm (Lair:6)
  3 orc sorcerers
  7 orc knights
  2 deep elf magi
  A wolf spider zombie (D:15)
  3 cyclopes
  15 ugly things
  4 manticores
  A worldbinder (Gauntlet)
  4 elephants (Lair:6)
  An eye of devastation (Lair:5)
  3 black mambas (Lair:6)
  5 gargoyles
  2 ice statues (IceCv)
  A torpor snail (Lair:6)
  13 spiny frogs
  Psyche (D:10)
  5 rime drakes
  4 kobold demonologists
  4 komodo dragons
  13 ice devils (IceCv)
  2 demonic crawlers (D:14)
  A tengu conjurer (D:14)
  3 meliai (D:13)
  13 hornets
  2 polar bears
  9 tyrant leeches
  4 trolls
  A wind drake (shapeshifter) (D:13)
  10 slime creatures
  2 dream sheep (Lair:6)
  A hippogriff (shapeshifter) (D:12)
  9 bog bodies
  14 hippogriffs
  25 blink frogs
  7 spriggans
  2 shadows (Swamp:2)
  3 redbacks (Lair:3)
  47 yaks
  4 water elementals (D:11)
  6 flying skulls (Gauntlet)
  A vampire (D:14)
  5 basilisks
  A wraith (D:12)
  2 wyverns
  A steam dragon (D:8)
  4 hungry ghosts
  20 vampire mosquitoes
  A soldier ant (shapeshifter) (D:14)
  3 wargs
  15 swamp worms
  4 acid dragons
  2 soldier ants
  Duvessa (D:4)
  11 water moccasins
  13 porcupines
  3 ice beasts
  2 slaves (D:7)
  50 orc warriors
  4 sky beasts
  2 black bears
  2 eyes of draining
  4 necrophages (Lair:4)
  A phantom (D:9)
  14 ogres
  8 swamp drakes
  4 wolves (Lair:4)
  17 centaurs
  A boggart (Gauntlet)
  15 crocodiles
  9 big kobolds
  15 bullfrogs
  3 gnoll sergeants
  A wyvern zombie (D:12)
  Dowan (D:4)
  A water moccasin skeleton (D:11)
  2 scorpions
  20 killer bees
  A howler monkey (D:13)
  2 vampire bats (D:6)
  8 wights
  4 crimson imps
  2 centaur zombies
  4 bullfrog zombies
  2 quasits
  7 hounds
  10 jellies
  30 orc priests
  7 centaur skeletons
  2 bullfrog skeletons
  45 orc wizards
  Jessica (D:3)
  4 iguanas
  6 worker ants
  A hound zombie (D:7)
  2 howler monkey zombies
  A worker ant zombie (D:5)
  22 gnolls
  12 adders
  6 shadow imps
  2 white imps (IceCv)
  6 ufetubi (IceCv)
  12 oozes
  2 worms
  5 dart slugs
  7 leopard geckos
  136 orcs
  6 bats
  3 bat skeletons (D:6)
  3 bat zombies (D:6)
  3 giant cockroaches
  10 goblins
  9 hobgoblins
  7 jackals
  30 kobolds
  5 quokkas
  2 ball pythons (D:3)
  7 frilled lizards
  5 rats
  A fungus (Lair:1)
  A plant (Lair:6)
1071 creatures vanquished.

Vanquished Creatures (others)
  A wizard (D:5)
  4 white imps (IceCv)
  6 ufetubi (IceCv)
  2 bushes (D:8)
  23 fungi
  31 plants
67 creatures vanquished.

Grand Total: 1138 creatures vanquished

Notes
Turn   | Place    | Note
-------+----------+-------------------------------------------
     0 | D:1      | Ijustatesigmund the Octopode Fighter began the quest for
                  | the Orb.
     0 | D:1      | Reached XP level 1. HP: 16/16 MP: 1/1
   104 | D:1      | Reached XP level 2. HP: 20/21 MP: 2/2
   168 | D:1      | Reached XP level 3. HP: 13/26 MP: 3/3
  1245 | D:2      | Reached XP level 4. HP: 28/32 MP: 4/4
  1357 | D:2      | Found a glowing silver altar of Zin.
  1483 | D:2      | Found a hazy altar of Hepliaklqana.
  1802 | D:3      | Noticed Jessica
  1805 | D:3      | Reached XP level 5. HP: 37/37 MP: 5/5
  1814 | D:3      | Killed Jessica
  2324 | D:3      | Reached skill level 5 in Maces & Flails
  2532 | D:3      | Reached XP level 6. HP: 35/44 MP: 6/6
  2744 | D:3      | Found a deep blue altar of Sif Muna.
  2747 | D:3      | Found a sparkling altar of Nemelex Xobeh.
  2752 | D:3      | Found an opulent altar of Gozag.
  2756 | D:3      | Found a burning altar of Makhleb.
  2757 | D:3      | Found a shattered altar of Ashenzari.
  2877 | D:4      | Found a shadowy altar of Dithmenos.
  2954 | D:4      | Found Cybouqa's Food Shoppe.
  2966 | D:4      | Noticed Duvessa
  2967 | D:4      | Noticed Dowan
  2979 | D:4      | Killed Duvessa
  3005 | D:4      | Killed Dowan
  3005 | D:4      | Reached XP level 7. HP: 16/49 MP: 7/7
  3313 | D:4      | Found Sovyduss's Magic Scroll Shoppe.
  3316 | D:4      | Bought a scroll of identify for 28 gold pieces
  3316 | D:4      | Bought a scroll of teleportation for 42 gold pieces
  3316 | D:4      | Bought a scroll of teleportation for 42 gold pieces
  3316 | D:4      | Bought a scroll of identify for 28 gold pieces
  3355 | D:4      | Found a stormy altar of Qazlal.
  3421 | D:4      | Found Jelleciune's Weapon Shoppe.
  3495 | D:5      | Entered Level 5 of the Dungeon
  3562 | D:5      | Reached skill level 5 in Fighting
  3740 | D:5      | Found a bloodstained altar of Trog.
  3741 | D:5      | Noticed a wizard
  3747 | D:5      | Killed a wizard
  4445 | D:5      | Gained mutation: You are robust. (+10% HP) [potion of
                  | mutation]
  4445 | D:5      | Gained mutation: You expend magic power (3 MP) to
                  | strengthen your wands. [potion of mutation]
  4445 | D:5      | Gained mutation: One of your tentacles bears a spike.
                  | [potion of mutation]
  4450 | D:5      | Reached XP level 8. HP: 56/61 MP: 8/8
  5864 | D:6      | Found a snail-covered altar of Cheibriados.
  5873 | D:6      | Became a worshipper of Cheibriados the Contemplative
  5891 | D:6      | Reached skill level 1 in Invocations
  6216 | D:6      | Reached * piety under Cheibriados
  6243 | D:6      | Found an ancient bone altar of Kikubaaqudgha.
  6249 | D:6      | Reached skill level 2 in Invocations
  6291 | D:6      | Found a staircase to the Ecumenical Temple.
  6608 | Temple   | Entered the Ecumenical Temple
  6713 | D:6      | Reached skill level 3 in Invocations
  6717 | D:6      | Reached XP level 9. HP: 69/69 MP: 11/11
  6821 | D:7      | Found a runed translucent gate.
  6822 | D:7      | Found a runed translucent gate.
  6822 | D:7      | Found a runed translucent gate.
  6833 | D:7      | Found a sparkling altar of Nemelex Xobeh.
  6872 | D:7      | Reached ** piety under Cheibriados
  6887 | D:7      | Reached skill level 5 in Shields
  7033 | D:7      | Found a blossoming altar of Fedhas.
  7083 | D:7      | Noticed vogonpoet's ghost (novice HuWn)
  7196 | D:7      | Noticed Pikel
  7215 | D:7      | Killed Pikel
  7215 | D:7      | Reached skill level 4 in Invocations
  7398 | D:7      | Found a basalt altar of Yredelemnul.
  7704 | D:7      | Reached *** piety under Cheibriados
  7796 | D:7      | Found a hide-covered altar of Uskayaw.
  8206 | D:8      | Reached skill level 5 in Invocations
  8209 | D:8      | Found a staircase to the Lair.
  8230 | D:8      | Reached XP level 10. HP: 41/79 MP: 14/14
  8548 | D:8      | Reached skill level 6 in Invocations
  9229 | D:8      | Reached **** piety under Cheibriados
  9290 | D:9      | Noticed a two-headed ogre
  9302 | D:9      | Killed a two-headed ogre
  9302 | D:9      | Reached skill level 7 in Invocations
  9685 | D:8      | Reached XP level 11. HP: 71/88 MP: 16/16
  9861 | D:9      | Reached ***** piety under Cheibriados
 10047 | D:9      | Reached skill level 5 in Dodging
 10052 | D:9      | Reached skill level 8 in Invocations
 10140 | D:9      | Found an ancient bone altar of Kikubaaqudgha.
 10266 | D:9      | Noticed a two-headed ogre
 10273 | D:9      | Killed a two-headed ogre
 10273 | D:9      | Reached skill level 10 in Maces & Flails
 10522 | D:9      | Learned a level 1 spell: Apportation
 10590 | D:9      | Noticed a two-headed ogre
 10595 | D:9      | Killed a two-headed ogre
 10806 | D:10     | Entered Level 10 of the Dungeon
 11249 | D:10     | Noticed Psyche
 11253 | D:10     | Killed Psyche
 11253 | D:10     | Reached skill level 10 in Fighting
 11396 | D:10     | Found a staircase to the Orcish Mines.
 11400 | D:10     | Reached ****** piety under Cheibriados
 11573 | D:11     | Found a gate leading to a gauntlet.
 11573 | D:11     | Noticed a two-headed ogre
 11573 | D:11     | Noticed a two-headed ogre
 11581 | D:11     | Killed a two-headed ogre
 11581 | D:11     | Reached skill level 1 in Evocations
 11585 | D:11     | Killed a two-headed ogre
 11588 | D:11     | Reached XP level 12. HP: 67/95 MP: 18/18
 11683 | Gauntlet | Entered a Gauntlet
 11683 | Gauntlet | Found a transporter.
 11683 | Gauntlet | Found a transporter.
 11685 | Gauntlet | Noticed a dire elephant
 11686 | Gauntlet | Found a transporter.
 11687 | Gauntlet | Found a transporter.
 11687 | Gauntlet | Found a transporter.
 11697 | Gauntlet | Found a transporter.
 11704 | Gauntlet | Found a transporter.
 11704 | Gauntlet | Noticed a catoblepas
 11710 | Gauntlet | Found a transporter.
 11714 | Gauntlet | Found a large runed translucent door.
 11715 | Gauntlet | Found a large runed translucent door.
 11716 | Gauntlet | Found a large runed translucent door.
 11717 | Gauntlet | Found a runed translucent gate.
 11718 | Gauntlet | Found a transporter.
 11718 | Gauntlet | Found a runed translucent gate.
 11719 | Gauntlet | Found a runed translucent gate.
 11720 | Gauntlet | Found a large runed translucent door.
 11721 | Gauntlet | Found a large runed translucent door.
 11722 | Gauntlet | Found a large runed translucent door.
 11730 | Gauntlet | Found a large runed translucent door.
 11730 | Gauntlet | Found a large runed translucent door.
 11731 | Gauntlet | Found a large runed translucent door.
 11731 | Gauntlet | Found a large runed translucent door.
 11731 | Gauntlet | Found a runed translucent door.
 11731 | Gauntlet | Found a runed translucent door.
 11732 | Gauntlet | Found a large runed translucent door.
 11733 | Gauntlet | Found a large runed translucent door.
 11735 | Gauntlet | Found a transporter.
 11743 | Gauntlet | Found a transporter.
 11762 | Gauntlet | Found a transporter.
 11787 | Gauntlet | Reached skill level 5 in Stealth
 11820 | Gauntlet | Found a large runed translucent door.
 11829 | Gauntlet | Found a large runed translucent door.
 11829 | Gauntlet | Found a large runed translucent door.
 11829 | Gauntlet | Found a large runed translucent door.
 11842 | Gauntlet | Reached skill level 9 in Invocations
 11880 | Gauntlet | Killed a catoblepas
 11880 | Gauntlet | Reached skill level 5 in Evocations
 11924 | Gauntlet | Noticed a minotaur
 11935 | Gauntlet | Killed a minotaur
 11947 | Gauntlet | Got a crystal trident
 11948 | Gauntlet | Identified the +5 trident "Hydrabane" {pierce, +Inv rElec
                  | rC++ Stlth-} (You found it in a Gauntlet)
 12036 | D:11     | Found a runed translucent gate.
 12036 | D:11     | Found a runed translucent gate.
 12036 | D:11     | Found a runed translucent gate.
 12037 | D:11     | Noticed nikopol's ghost (journeyman DEFE)
 12054 | D:11     | Reached skill level 1 in Throwing
 12179 | D:11     | Reached skill level 10 in Invocations
 12442 | D:11     | Killed nikopol's ghost
 12612 | Lair:1   | Entered Level 1 of the Lair of Beasts
 12783 | Lair:1   | Reached skill level 11 in Invocations
 12789 | Lair:1   | Reached skill level 5 in Throwing
 13134 | Lair:1   | Reached XP level 13. HP: 101/101 MP: 21/21
 13264 | Lair:1   | Reached skill level 1 in Translocations
 14111 | Lair:2   | Found a staircase to the Swamp.
 15029 | Lair:3   | Noticed Rupert
 15037 | Lair:3   | Killed Rupert
 15037 | Lair:3   | Reached skill level 12 in Invocations
 15272 | Lair:3   | Noticed Snorg
 15281 | Lair:3   | Killed Snorg
 15823 | Lair:3   | Found a hole to the Spider Nest.
 16622 | Lair:4   | Reached skill level 5 in Translocations
 16626 | Lair:4   | Reached XP level 14. HP: 86/108 MP: 23/23
 16923 | Lair:4   | Found the +0 sword of Power
 17299 | Lair:5   | Reached skill level 10 in Stealth
 17477 | Lair:5   | Found a staircase to the Slime Pits.
 18396 | Lair:6   | Entered Level 6 of the Lair of Beasts
 18616 | Lair:6   | Reached skill level 13 in Invocations
 20030 | Lair:6   | Got a translucent hunting sling
 20031 | Lair:6   | Identified the +9 hunting sling of Slime {velocity, Stlth+}
                  | (You found it on level 6 of the Lair of Beasts)
 21055 | Orc:1    | Entered Level 1 of the Orcish Mines
 21223 | Orc:1    | Noticed an orc warlord
 21226 | Orc:1    | Noticed Nergalle
 21512 | Orc:1    | Killed an orc warlord
 21512 | Orc:1    | Reached XP level 15. HP: 113/113 MP: 22/25
 21657 | Orc:1    | Reached skill level 14 in Invocations
 21692 | Orc:1    | Found a roughly hewn altar of Beogh.
 22285 | Orc:1    | Killed Nergalle
 22597 | Orc:2    | Entered Level 2 of the Orcish Mines
 22641 | Orc:2    | Found a roughly hewn altar of Beogh.
 22644 | Orc:2    | Found Uweesaat's General Store.
 22665 | Orc:2    | Bought a +4 ring of evasion for 576 gold pieces
 22784 | Orc:2    | Found a roughly hewn altar of Beogh.
 22930 | Orc:2    | Found a roughly hewn altar of Beogh.
 23079 | Orc:2    | Found a roughly hewn altar of Beogh.
 23079 | Orc:2    | Found Aheato's Armour Emporium.
 23106 | Orc:2    | Bought a +2 large shield of protection for 387 gold pieces
 23318 | Orc:2    | Found a staircase to the Elven Halls.
 23464 | Orc:2    | Noticed Saint Roka
 23901 | Orc:2    | Found Bytriy's Antique Armour Emporium.
 23902 | Orc:2    | Found a roughly hewn altar of Beogh.
 23912 | Orc:2    | Found Koychicu's Antique Weapon Shoppe.
 24136 | Orc:2    | Found a roughly hewn altar of Beogh.
 25015 | D:12     | Learned a level 2 spell: Blink
 25786 | D:14     | Found a portal to a secret trove of treasure.
 25810 | D:14     | Found a white marble altar of Elyvilon.
 25916 | D:14     | Reached skill level 10 in Shields
 26639 | D:14     | Found a gate to the Vaults.
 26798 | D:15     | Entered Level 15 of the Dungeon
 26814 | D:15     | Reached XP level 16. HP: 116/119 MP: 26/26
 27243 | D:15     | Found a hazy altar of Hepliaklqana.
 27399 | D:15     | Found a staircase to the Depths.
 27475 | D:15     | Found Ytyfocuc's Armour Shop.
 27568 | D:15     | Reached skill level 10 in Translocations
 27790 | D:15     | Identified the ring of Neurreiwn {Int+3 Slay+3}
 28294 | Swamp:1  | Entered Level 1 of the Swamp
 28356 | Swamp:1  | Found a frozen archway.
 28365 | IceCv    | Entered an ice cave
 30411 | Swamp:2  | Reached XP level 17. HP: 97/126 MP: 27/27
 32729 | Swamp:3  | Noticed Roxanne
 32745 | Swamp:3  | Killed Roxanne
 33408 | Swamp:4  | Entered Level 4 of the Swamp
 33658 | Swamp:4  | Reached skill level 15 in Invocations
 34893 | Swamp:4  | Got a crude silver amulet
 34894 | Swamp:4  | Identified the amulet "Lianei" {Inacc +Fly rC++ MR+ Str-3}
                  | (You found it on level 4 of the Swamp)
 34937 | Swamp:4  | Noticed the 27-headed Lernaean hydra
 34950 | Swamp:4  | HP: 3/128 [the 27-headed Lernaean hydra (7)]
 34950 | Swamp:4  | Slain by the 27-headed Lernaean hydra

Levels and vault maps discovered:
D:1:      sevenhm_arrival_forest_fort_small_3, layout_loops_cross,
          corexii_hall_statues_s, minmay_vboxes
D:2:      layout_loops_ring, marbit_many_paths, nicolae_overflow_hidden_temple,
          serial_forest, infiniplex_forest_straight_1,
          infiniplex_forest_straight_2, infiniplex_forest_straight_2,
          infiniplex_forest_corner_2, infiniplex_forest_clump_tiny,
          serial_park_tiny_2
D:3:      layout_loops_ring, minitemple, chequers_serial_rivers_micro_c,
          uniq_jessica
D:4:      layout_rooms, nicolae_dithmenos_shadow_blocks, lemuel_doored_altar,
          serial_shops, nicolae_shop_behind_doors, shop_coins,
          kennysheep_mini_moat, uniq_duvessa
D:5:      layout_layer_cave, first_ration, trog_wizard
D:6:      layout_rooms, old_standard_altar, kennysheep_vampire_church,
          minmay_temple_entry_tees
D:7:      layout_basic, kennysheep_little_box, nicolae_overflow_crystal_walls,
          gammafunk_ghost_necromancy, serial_curves, eino_curves_04,
          eino_curves_04, eino_curves_01, eino_curves_03, basic_altar,
          fedhas_altar_fruit_tree, uniq_pikel
D:8:      layout_basic, minmay_lair_entry_grove
D:9:      layout_loops_ring, basic_altar, the_bakery
D:10:     layout_cave_pools, orc_0_dummy, uniq_psyche
D:11:     layout_rooms, gammafunk_ghost_split, gauntlet_entry_generic,
          nicolae_underground_beach
D:12:     layout_gridville, minmay_misc_feat_alley, dk_noncrumbling_4,
          grunt_ministairs_14
D:13:     layout_rooms
D:14:     layout_roguey, erik_vaults_1, elyvilon_altar_5, enter_trove_0,
          grunt_ministairs_7, minivault_24, st_stairs_6,
          einodemon_crawler_minivault
D:15:     grunt_enter_depths_hoard, layout_loops_ring, lemuel_tele_altar,
          serial_shops, nicolae_shop_competitors_out_of_business
Temple:   compressed_dpeg_triangle_lava_temple
Lair:1:   layout_concentric_octagons, grunt_megastairs_3, serial_bayou_shore_b
Lair:2:   layout_small_grid, skrybe_swamp_entry_bodies
Lair:3:   layout_cave_shapes, spider_nest_entry_webs, uniq_snorg, uniq_rupert
Lair:4:   lemuel_slime, layout_gridlike, roderic_carrion_pond
Lair:5:   layout_cave_pods, minmay_slime_entry_eyes, grunt_megastairs_5
Lair:6:   hangedman_lair_in_review, layout_gridlike
Swamp:1:  layout_basic_swamp, portal_ice_cave_entry_pillars_three,
          hangedman_swamp_ruin_hall
Swamp:2:  layout_falls_marsh, hangedman_swamp_pad, swamp_pool4
Swamp:3:  layout_falls_marsh, evilmike_swamp_ruin_house_4, swamp_pool4,
          st_swamp_ruins_2, uniq_roxanne
Swamp:4:  swamp_basic_johnstein, layout_basic_swamp
Orc:1:    orc_temple, layout_caves, uniq_nergalle
Orc:2:    grunt_orc_community_town_hall, layout_caves,
          grunt_orc_community_big_house_1, grunt_orc_community_big_house_2,
          grunt_orc_community_house_2, grunt_orc_community_house_3,
          grunt_orc_community_house_1, grunt_orc_community_house_1,
          grunt_orc_community_house_2

Skill      XL: |  1  2  3  4  5  6  7  8  9 10 11 12 13 14 15 16 17 |
---------------+----------------------------------------------------+-----
Maces & Flails | 3 4 5 6 7 8 9 10 11 12 13 14 | 14.4
Fighting       | 4 5 6 7 9 10 11 | 11.1
Dodging        | 4 6 7 8 |  8.7
Shields        | 4 6 7 10 12 | 12.8
Invocations    | 3 5 7 8 11 12 13 14 15 | 15.2
Stealth        | 4 6 9 10 | 10.4
Evocations     | 2 6 |  6.0
Throwing       | 5 7 8 |  8.2
Translocations | 5 8 11 | 11.2

Action                   |  1- 3 |  4- 6 |  7- 9 | 10-12 | 13-15 | 16-18 || total
-------------------------+-------+-------+-------+-------+-------+-------++-------
Melee: Flail             |    63 |   118 |   257 |   456 |   959 |   557 ||  2410
       Constrict         |    21 |    27 |    60 |    95 |   175 |    65 ||   443
       Tentacles         |     9 |    23 |    58 |   180 |   410 |   254 ||   934
       Kick              |       |       |    81 |   284 |   656 |   399 ||  1420
Throw: Javelin           |       |       |       |       |    69 |    70 ||   139
 Cast: Apportation       |       |       |       |     2 |    26 |    26 ||    54
       Blink             |       |       |       |       |       |     2 ||     2
Invok: Slouch            |       |       |       |     1 |     9 |    11 ||    21
       Bend Time         |       |       |       |       |     2 |    10 ||    12
Evoke: Wand              |       |       |       |     1 |    16 |     2 ||    19
  Use: Potion            |     1 |    10 |     3 |     5 |     3 |     5 ||    27
       Scroll            |       |    12 |     9 |    11 |    14 |     9 ||    55
 Stab: Sleeping          |     3 |     4 |     7 |     9 |    51 |    18 ||    92
       Distracted        |       |     1 |       |     3 |     7 |     6 ||    17
       Paralysed         |       |       |       |       |     7 |       ||     7
  Eat: Chunk             |     1 |     5 |     9 |     5 |     7 |     4 ||    31
       Ration            |       |       |     2 |     1 |     6 |     4 ||    13
Armor: Skin              |     6 |     2 |    28 |    72 |   126 |   133 ||   367
Dodge: Dodged            |    19 |    54 |   121 |   254 |   384 |   452 ||  1284
Block: Shield            |    28 |    59 |   162 |   371 |   440 |       ||  1060
       Large shield      |       |       |       |       |   384 |   658 ||  1042

Table legend:
 A = Non-vault XP
 B = Vault XP
 C = Vault XP percentage of total XP
 D = Non-vault monster count
 E = Vault monster count
 F = Vault count percentage of total count
                 A         B        C        D         E       F
            +---------+---------+-------+---------+---------+-------
      Total |  152655 |   77658 |  33.7 |     782 |     285 |  26.7
            +---------+---------+-------+---------+---------+-------
        D:1 |      25 |      23 |  47.9 |      14 |       9 |  39.1
        D:2 |     109 |       2 |   1.8 |      28 |       1 |   3.4
        D:3 |     171 |      37 |  17.8 |      35 |       1 |   2.8
        D:4 |      75 |     228 |  75.2 |       4 |       2 |  33.3
        D:5 |     850 |       0 |   0.0 |      30 |       0 |   0.0
        D:6 |     692 |     124 |  15.2 |      28 |       8 |  22.2
        D:7 |     846 |     697 |  45.2 |      21 |       1 |   4.5
        D:8 |    2138 |    1958 |  47.8 |      23 |      13 |  36.1
        D:9 |    5921 |     229 |   3.7 |      58 |       1 |   1.7
       D:10 |    1980 |     410 |  17.2 |      31 |       1 |   3.1
       D:11 |    3559 |    2763 |  43.7 |      24 |      10 |  29.4
       D:12 |    4302 |     649 |  13.1 |      36 |       2 |   5.3
       D:13 |   11050 |       0 |   0.0 |      51 |       0 |   0.0
       D:14 |    8085 |    4244 |  34.4 |      27 |      10 |  27.0
       D:15 |   33702 |    2040 |   5.7 |      83 |       2 |   2.4
     Temple |      35 |       0 |   0.0 |       1 |       0 |   0.0
     Lair:1 |    6051 |     901 |  13.0 |      22 |       5 |  18.5
     Lair:2 |    5639 |     506 |   8.2 |      24 |       2 |   7.7
     Lair:3 |    3240 |    4781 |  59.6 |       9 |       5 |  35.7
     Lair:4 |    5082 |     736 |  12.7 |      23 |      19 |  45.2
     Lair:5 |    6443 |    1719 |  21.1 |      25 |       7 |  21.9
     Lair:6 |   10508 |    7590 |  41.9 |      25 |      18 |  41.9
    Swamp:1 |    9026 |       0 |   0.0 |      21 |       0 |   0.0
    Swamp:2 |   17701 |       0 |   0.0 |      37 |       0 |   0.0
    Swamp:3 |    5301 |    8514 |  61.6 |      13 |       8 |  38.1
    Swamp:4 |    4041 |   15682 |  79.5 |      12 |      25 |  67.6
      Orc:1 |    3388 |    7323 |  68.4 |      35 |      29 |  45.3
      Orc:2 |    2695 |    4707 |  63.6 |      42 |      68 |  61.8
      IceCv |       0 |    6426 | 100.0 |       0 |      24 | 100.0
   Gauntlet |       0 |    5369 | 100.0 |       0 |      14 | 100.0
            +---------+---------+-------+---------+---------+-------
